Map: Automaton LE

Players

Pedro - Winner!

  • Race: Protoss Protoss
  • League: Gold
  • Spawn Location: 9:00

Mesrob

  • Race: Terran Terran
  • League: Gold
  • Spawn Location: 3:00

VOD

Have the link to the VOD?

Description

Time

  • Played on: Jan. 21, 2019, 12:28 p.m.
  • Length: 7:48
Show
View Real Time Build Order
Export as new Build Order

Pedro Protoss - Winner!

Build Orders:  

Get SALT Encoding   

  12  0:02  Probe  
  14  0:14  Probe  
  14  0:19  Pylon  
  14  0:26  Probe  
  15  0:36  Probe  
  15  0:40  Gateway  
  16  0:44  Probe  
  17  0:52  Probe  
  18  1:06  Pylon  
  18  1:30  Pylon  
  18  1:32  Probe  
  18  1:33  Cybernetics Core  
  18  1:37  Assimilator  
  19  1:40  Assimilator, Probe  
  19  1:42  Zealot  
  22  1:50  Probe  
  23  2:02  Probe  
  23  2:03  Pylon  
  24  2:32  Robotics Facility  
  24  2:38  Gateway  
  24  2:41  Shield Battery  
  24  2:43  Probe  
  25  2:52  Warp Gate  
  25  2:55  Probe  
  26  3:05  Robotics Facility  
  26  3:07  Probe  
  27  3:15  Adept  
  27  3:19  Probe  
  30  3:29  Pylon  
  30  3:31  Probe  
  30  3:32  Pylon  
  31  3:34  Pylon  
  31  3:44  Immortal  
  31  3:48  Observer  
  32  3:51  Pylon  
  36  4:08  Warp Prism  
  38  4:13  Shield Battery  
  38  4:30  Immortal  
  42  4:38  Robotics Facility  
  42  4:45  Immortal  
  46  5:09  Immortal  
  50  5:31  Immortal  
  54  5:51  Pylon  
  54  5:53  Pylon  
  54  6:09  Immortal x2  
  62  6:41  Immortal  
  66  6:48  Immortal  
  70  7:04  Pylon  
  70  7:06  Pylon  
  70  7:18  Nexus  
Show
View Real Time Build Order
Export as new Build Order

Mesrob Terran 

Build Orders: Mech 

Get SALT Encoding   

  12  0:00  SCV  
  13  0:13  SCV  
  14  0:18  Supply Depot  
  14  0:25  SCV  
  15  0:40  SCV  
  15  0:41  Barracks  
  16  0:50  Refinery  
  16  0:52  SCV  
  18  1:04  SCV  
  18  1:16  SCV  
  19  1:28  Orbital Command  
  19  1:42  Marine  
  20  1:55  Command Center, SCV  
  20  2:00  Factory  
  21  2:28  Barracks Tech Lab, Bunker  
  21  2:29  SCV  
  22  2:36  Engineering Bay  
  22  2:41  SCV  
  23  2:54  Supply Depot  
  23  3:07  SCV  
  23  3:08  Orbital Command  
  23  3:12  Refinery  
  24  3:18  Refinery  
  24  3:19  SCV  
  25  3:21  Supply Depot  
  25  3:22  Siege Tank  
  28  3:30  Supply Depot  
  28  3:31  Marine, SCV  
  30  3:42  SCV  
  30  3:43  SCV  
  32  3:51  Armory  
  32  3:54  Missile Turret, SCV  
  33  3:55  SCV  
  34  4:05  Supply Depot  
  34  4:08  SCV  
  35  4:17  Missile Turret  
  35  4:20  SCV  
  36  4:25  Siege Tank  
  36  4:29  Marine  
  39  4:37  Factory  
  39  4:38  Refinery, SCV  
  40  4:47  Marine  
  40  4:50  SCV  
  42  4:55  Supply Depot x2  
  42  5:00  Missile Turret  
  42  5:06  SCV  
  43  5:08  SCV  
  44  5:16  Missile Turret  
  44  5:18  SCV  
  44  5:19  Supply Depot  
  44  5:20  SCV  
  44  5:21  Siege Tank  
  44  5:31  Hellbat  
  44  5:35  Missile Turret  
  46  5:42  Missile Turret  
  46  5:44  Marine  
  47  5:52  Thor  
  47  5:55  Factory, Factory Tech Lab  
  47  5:57  Missile Turret  
  53  6:00  Supply Depot  
  53  6:01  Marine  
  53  6:03  SCV x2  
  56  6:15  SCV  
  54  6:19  Marine  
  54  6:22  Supply Depot  
  57  6:25  Hellbat  
  57  6:31  Barracks  
  57  6:37  Marine  
  58  6:46  Bunker  
  54  6:58  Marine  
  54  7:06  Missile Turret  
  54  7:11  Cyclone  
  54  7:14  Factory Tech Lab  
  63  7:16  Marine  
  63  7:19  Marine  
  62  7:31  Missile Turret  
Tags
 
Composition
Mech
League
GoldGold
Matchup
PvT
Replay Pack
sc2 replays
Spawn Locations
Cross Positions
Add a new tag
Caveats
  • Supply blocks, unpowered buildings, or Contaminate may cause inaccurate times.
  • Supply counts are checked every 10 seconds.